Map: Divergence LE

Players

Massa - Winner!

  • Race: Terran Terran
  • Spawn Location: 5:00

qqq - Winner!

  • Race: Protoss Protoss
  • Spawn Location: 5:00

Alwar

  • Race: Protoss Protoss
  • Spawn Location: 11:00

HaryPL

  • Race: Terran Terran
  • Spawn Location: 11:00

VOD

Have the link to the VOD?

Description

Time

  • Played on: June 10, 2020, 2:50 p.m.
  • Length: 14:11
Show
View Real Time Build Order
Export as new Build Order

Massa Terran - Winner!

Build Orders:  

Get SALT Encoding   

  12  0:10  SCV  
  13  0:15  Supply Depot  
  13  0:22  SCV  
  14  0:37  Barracks  
  14  0:38  SCV  
  15  0:50  Refinery, SCV  
  16  1:02  SCV  
  17  1:05  Supply Depot  
  17  1:14  SCV  
  18  1:37  Marine  
  19  1:42  Command Center  
  19  1:47  SCV  
  20  1:54  Marine  
  21  2:09  Supply Depot  
  21  2:16  Marine  
  21  2:21  SCV  
  23  2:33  SCV  
  24  2:45  SCV  
  25  2:54  Marine  
  25  2:57  Factory  
  26  3:12  SCV, Bunker, Marine  
  28  3:24  SCV  
  29  3:29  Barracks  
  29  3:32  Barracks  
  29  3:36  SCV  
  29  3:37  Factory  
  29  3:41  Engineering Bay  
  30  3:44  Factory Tech Lab  
  30  3:48  SCV  
  31  3:52  Barracks Tech Lab  
  31  3:53  SCV  
  32  4:00  SCV  
  33  4:06  SCV  
  33  4:09  Engineering Bay  
  34  4:14  Siege Tank  
  38  4:17  SCV  
  38  4:19  SCV  
  39  4:29  SCV  
  40  4:33  Factory Tech Lab  
  40  4:40  Barracks Reactor, Barracks Tech Lab  
  40  4:43  Marauder  
  42  4:53  Barracks  
  42  4:58  Widow Mine  
  44  5:01  Widow Mine  
  44  5:07  Refinery  
  46  5:08  Orbital Command  
  46  5:18  Terran Infantry Weapons Level 1  
  46  5:27  Refinery  
  46  5:37  Supply Depot  
  46  5:38  SCV  
  45  5:51  SCV  
  46  5:59  SCV  
  46  6:01  Supply Depot  
  49  6:04  Widow Mine  
  49  6:05  Siege Tank  
  49  6:07  Marauder  
  54  6:14  Orbital Command  
  54  6:20  Supply Depot  
  54  6:23  SCV, Marine x3  
  61  6:25  Widow Mine  
  61  6:26  Supply Depot  
  61  6:28  Barracks Tech Lab, Marine  
  61  6:35  SCV  
  62  6:41  Marine x3  
  62  6:42  Siege Tank  
  67  6:47  SCV  
  67  6:48  Supply Depot  
  64  6:59  SCV  
  60  7:23  Marauder, Marine x2  
  60  7:24  Marauder x2  
  60  7:28  Siege Tank  
  60  7:29  Widow Mine  
  73  7:31  Stimpack  
  73  7:33  Combat Shield  
  73  7:39  Concussive Shells  
  73  7:41  Marine x2  
  75  7:45  Marauder x3  
  75  7:50  Widow Mine  
  83  7:54  SCV x2  
  85  7:59  Marine  
  85  8:00  Command Center  
  86  8:17  Barracks  
  86  8:29  Supply Depot  
  86  8:30  Command Center, Supply Depot x2  
  86  8:31  Supply Depot x2  
  86  8:44  Terran Infantry Armor Level 1  
  86  8:50  SCV x2, Marine x4  
  86  8:51  Marauder  
  94  8:56  Supply Depot  
  94  9:02  Starport, SCV x2  
  95  9:05  Starport  
  95  9:08  Marauder x2, Marine  
  100  9:12  Marauder  
  100  9:14  SCV x2  
  104  9:17  SCV  
  105  9:27  SCV x2  
  105  9:29  SCV  
  105  9:30  Missile Turret x2  
  108  9:32  Marauder x2, Marine  
  108  9:33  Marauder  
  115  9:38  Armory  
  115  9:39  SCV x2  
  115  9:41  SCV  
  118  9:50  Barracks Reactor  
  118  9:51  SCV x2, Missile Turret  
  120  9:53  SCV  
  120  9:58  Supply Depot  
  121  10:03  SCV  
  120  10:10  Missile Turret  
  116  10:21  Supply Depot  
  91  10:33  Marauder x3, Marine x3  
  91  10:34  Marine  
  97  10:44  Supply Depot  
  81  10:51  Marine x4  
  81  10:54  Marauder x3  
  81  10:56  Thor x2  
  97  11:04  Medivac  
  97  11:07  Supply Depot  
  97  11:09  Marine x3  
  102  11:11  Refinery  
  102  11:12  Refinery  
  102  11:13  Orbital Command  
  102  11:15  Marauder x2  
  102  11:16  Marauder  
  108  11:21  Missile Turret  
  108  11:22  SCV x2  
  110  11:26  Orbital Command  
  110  11:34  SCV x2, Marine  
  110  11:37  Marauder x3, Command Center  
  110  11:39  Thor  
  125  11:41  Missile Turret  
  125  11:42  Terran Infantry Armor Level 2  
  125  11:58  Marauder x3  
  125  12:01  Missile Turret  
  129  12:05  Thor  
  135  12:16  Refinery  
  135  12:19  Marauder  
  135  12:20  Marauder x2  
  135  12:21  Missile Turret  
  141  12:22  Factory  
  141  12:23  Marine x4  
  143  12:31  Medivac  
  145  12:41  Marauder x2, Marine x5  
  145  12:42  Missile Turret  
  131  13:02  Marauder x3, Marine  
  131  13:03  Marine x3  
  131  13:20  Marine  
  131  13:21  Marine x3  
  131  13:23  Marauder  
  131  13:24  Marauder x2  
  132  13:29  Medivac x2  
  132  13:33  Factory Tech Lab  
  135  13:38  Marine  
  135  13:39  Marine x3  
  136  13:44  Marauder  
  136  13:45  Marauder x2  
Show
View Real Time Build Order
Export as new Build Order

qqq Protoss - Winner!

Build Orders: Phoenix Opening 

Get SALT Encoding   

  12  0:06  Probe  
  13  0:18  Pylon  
  13  0:22  Probe  
  14  0:40  Gateway  
  14  0:44  Forge  
  14  0:46  Probe  
  15  1:03  Assimilator  
  15  1:05  Probe  
  16  1:17  Probe  
  17  1:30  Probe  
  17  1:32  Cybernetics Core  
  18  1:36  Assimilator  
  18  1:39  Zealot  
  20  1:42  Probe  
  21  1:54  Probe  
  22  2:06  Probe  
  23  2:21  Nexus  
  23  2:30  Pylon  
  23  2:45  Stargate  
  23  2:48  Probe  
  24  2:53  Photon Cannon  
  24  3:00  Probe  
  25  3:23  Stargate  
  25  3:29  Fleet Beacon  
  25  3:31  Pylon  
  25  3:37  Probe  
  25  3:40  Phoenix  
  28  3:49  Probe  
  29  4:01  Probe  
  30  4:05  Phoenix  
  32  4:13  Probe  
  33  4:22  Probe  
  33  4:25  Anion Pulse-Crystals  
  33  4:30  Probe, Assimilator  
  34  4:34  Assimilator  
  35  4:40  Probe  
  35  4:45  Pylon  
  36  4:49  Phoenix  
  36  4:52  Probe  
  39  4:56  Photon Cannon  
  39  4:59  Phoenix  
  39  5:04  Probe  
  40  5:12  Probe  
  42  5:19  Phoenix  
  42  5:20  Probe  
  46  5:30  Probe  
  47  5:37  Pylon  
  47  5:42  Probe, Phoenix  
  47  5:44  Phoenix  
  52  5:55  Pylon  
  52  5:58  Photon Cannon  
  52  6:00  Photon Cannon  
  52  6:07  Phoenix  
  52  6:09  Phoenix  
  56  6:19  Probe  
  57  6:32  Probe, Phoenix, Protoss Air Weapons Level 1  
  58  6:35  Phoenix, Pylon  
  56  7:15  Phoenix x2  
  60  7:30  Pylon  
  60  7:32  Pylon  
  60  7:40  Phoenix x2  
  64  7:54  Photon Cannon  
  64  7:56  Photon Cannon  
  64  7:58  Photon Cannon  
  64  7:59  Shield Battery  
  64  8:02  Shield Battery  
  64  8:05  Photon Cannon, Phoenix x2  
  68  8:16  Mothership  
  76  8:30  Phoenix x2  
  80  8:40  Protoss Air Armor Level 1  
  78  8:55  Phoenix x2  
  82  9:12  Nexus  
  82  9:17  Stargate  
  82  9:24  Phoenix  
  84  9:30  Pylon  
  84  9:33  Pylon  
  84  9:37  Phoenix, Pylon  
  82  10:21  Phoenix x3  
  84  11:18  Mothership  
  70  11:30  Probe, Phoenix x3  
  82  11:39  Probe  
  81  11:44  Probe  
  83  11:48  Probe  
  84  11:54  Phoenix  
  84  11:55  Phoenix x2  
  84  12:00  Probe  
  91  12:12  Probe  
  92  12:19  Phoenix  
  92  12:20  Phoenix x2  
  96  12:25  Probe  
  83  13:21  Phoenix x3  
  87  13:46  Phoenix x3  
Show
View Real Time Build Order
Export as new Build Order

Alwar Protoss 

Build Orders:  

Get SALT Encoding   

  12  0:00  Probe  
  13  0:13  Probe  
  14  0:19  Pylon  
  14  0:25  Probe  
  15  0:37  Probe  
  15  0:40  Gateway  
  16  0:46  Probe  
  17  0:54  Probe  
  17  0:56  Assimilator  
  18  1:05  Probe, Gateway  
  19  1:14  Assimilator  
  19  1:21  Probe  
  20  1:28  Cybernetics Core  
  20  1:55  Nexus  
  20  2:00  Probe  
  21  2:06  Stalker  
  23  2:14  Pylon  
  23  2:29  Probe  
  24  2:37  Probe  
  24  2:41  Pylon  
  24  2:43  Assimilator  
  25  2:47  Probe  
  25  2:48  Robotics Facility  
  26  2:57  Probe  
  26  2:59  Stalker  
  29  3:05  Probe  
  29  3:06  Probe  
  31  3:14  Probe  
  31  3:15  Probe  
  33  3:21  Pylon  
  33  3:24  Probe  
  34  3:36  Observer, Twilight Council  
  35  3:42  Probe x2  
  37  3:50  Assimilator  
  37  3:55  Forge  
  37  3:57  Observer  
  38  4:09  Warp Gate  
  38  4:19  Gateway  
  38  4:21  Gateway  
  38  4:23  Immortal  
  42  4:32  Pylon  
  42  4:39  Robotics Facility  
  42  4:42  Pylon  
  42  4:47  Photon Cannon  
  42  4:49  Probe  
  43  4:58  Probe  
  43  4:59  Photon Cannon  
  43  5:01  Probe  
  43  5:06  Probe  
  45  5:11  Protoss Ground Weapons Level 1  
  46  5:16  Probe  
  46  5:20  Templar Archives  
  47  5:37  Immortal  
  47  5:38  Immortal  
  47  5:42  Charge  
  55  5:58  Pylon  
  55  6:00  Gateway  
  55  6:13  Stalker x2  
  59  6:39  Immortal  
  63  6:40  Immortal  
  67  6:55  Stalker x4  
  61  7:13  Blink  
  57  7:27  Photon Cannon  
  57  7:29  Photon Cannon  
  57  7:33  Photon Cannon  
  57  7:35  Pylon  
  57  7:41  Photon Cannon  
  57  7:43  Pylon  
  56  7:58  Psionic Storm  
  56  7:59  Nexus  
  56  8:20  High Templar x2  
  56  8:21  High Templar x2  
  64  8:31  Gateway  
  64  8:33  Gateway  
  64  8:34  Probe  
  64  8:36  Probe  
  67  8:41  Observer  
  67  8:42  Observer  
  68  8:49  Pylon  
  68  8:59  Assimilator  
  68  9:01  Stalker  
  70  9:03  Assimilator  
  70  9:11  Zealot  
  70  9:12  Zealot  
  70  9:14  Probe  
  70  9:15  Probe x2  
  77  9:22  Probe  
  77  9:27  Probe x2  
  77  9:30  Probe  
  81  9:39  Probe x2  
  81  9:41  Stalker x2  
  81  9:45  High Templar  
  89  9:46  High Templar  
  91  10:09  Zealot x3  
  91  10:10  Stalker  
  91  10:11  Stalker  
  67  10:36  Zealot  
  67  10:37  Zealot x3  
  67  10:56  Stalker x3  
  67  10:57  Stalker x3  
  63  10:58  Stalker  
  53  11:19  Stalker  
  53  11:20  Stalker x4  
  63  11:32  Stalker x2  
  67  11:47  Gateway  
  67  11:49  Gateway  
  67  11:52  Stalker x2  
  67  11:53  Stalker x3  
  73  12:25  Stalker x3  
  73  12:26  Stalker x4  
  68  12:55  Stalker x3  
  68  12:56  Stalker x6  
  64  13:19  Stalker x5  
  68  13:20  Stalker x4  
Show
View Real Time Build Order
Export as new Build Order

HaryPL Terran 

Build Orders:  

Get SALT Encoding   

  12  0:00  SCV  
  13  0:17  Supply Depot  
  13  0:24  SCV  
  14  0:36  SCV  
  14  0:42  Barracks  
  15  0:48  SCV  
  16  1:00  SCV  
  17  1:13  SCV  
  18  1:25  SCV  
  19  1:32  Command Center  
  19  1:34  Marine  
  19  1:39  SCV  
  21  1:42  Refinery  
  21  1:52  SCV  
  22  2:04  SCV  
  22  2:05  Marine  
  23  2:15  Refinery  
  23  2:43  Supply Depot  
  23  2:44  SCV, Marine  
  25  2:53  SCV, Barracks  
  25  2:56  SCV  
  27  3:01  Marine  
  27  3:05  SCV  
  29  3:06  Supply Depot  
  29  3:08  SCV  
  30  3:17  SCV  
  30  3:19  Marine  
  32  3:20  SCV  
  33  3:28  Supply Depot  
  33  3:29  SCV  
  34  3:36  Factory  
  34  3:37  Marine  
  35  3:41  SCV  
  35  3:42  Barracks Tech Lab  
  35  3:47  Barracks  
  36  3:53  SCV x2  
  36  3:55  Marine  
  39  3:57  Supply Depot  
  39  4:03  Refinery  
  39  4:05  SCV x2  
  39  4:07  Refinery  
  41  4:10  Combat Shield  
  41  4:14  Barracks Reactor  
  41  4:17  Marine  
  41  4:18  SCV  
  41  4:23  Factory Tech Lab  
  43  4:30  SCV  
  44  4:35  Marine  
  44  4:36  Starport  
  45  4:42  SCV, Orbital Command  
  46  4:53  Marine x3  
  46  4:54  SCV  
  50  5:00  Barracks Reactor  
  50  5:05  Siege Tank  
  50  5:06  SCV  
  54  5:11  Marine x3  
  54  5:13  Starport Reactor  
  57  5:18  Factory  
  57  5:21  Supply Depot  
  57  5:29  Marauder, Marine x2  
  57  5:32  Stimpack  
  61  5:38  Siege Tank  
  64  6:04  Marine x4  
  64  6:05  Marine  
  69  6:21  Marine  
  69  6:22  Marine x4  
  74  6:39  Marine  
  74  6:40  Factory Tech Lab, Marine x3  
  78  6:47  Supply Depot  
  78  6:49  Marine  
  78  6:52  Medivac x2  
  75  6:57  Marine x3  
  78  7:07  Marine  
  78  7:10  Supply Depot  
  74  7:17  Marine x4  
  74  7:22  Medivac x2  
  78  7:25  Marine  
  83  7:34  Marine  
  83  7:35  Engineering Bay, Marine x3  
  87  7:37  Cyclone  
  87  7:43  Marine  
  91  7:52  Medivac  
  93  8:03  Supply Depot  
  93  8:13  Missile Turret  
  93  8:14  Terran Infantry Weapons Level 1  
  93  8:25  Medivac x2  
  93  8:27  Supply Depot  
  97  8:33  Siege Tank  
  97  8:34  Missile Turret  
  100  8:44  Orbital Command  
  103  8:48  Siege Tank  
  103  8:50  Supply Depot  
  103  8:55  Medivac x2, Missile Turret  
  107  9:09  Command Center  
  107  9:13  Supply Depot  
  107  9:16  Missile Turret  
  107  9:17  SCV  
  107  9:20  Marine x3  
  107  9:21  Marine x2  
  113  9:25  Viking  
  113  9:29  Viking  
  39  10:29  Marine  
  39  10:30  Marine x4  
  39  10:34  Cyclone x2  
  50  10:35  Viking  
  50  10:36  Viking  
  54  10:47  Terran Infantry Armor Level 1, Marine x2  
  54  10:48  Marine x3  
  59  11:05  Marine x3  
  59  11:06  Cyclone x2, Marine x2  
  70  11:23  Marine x4  
  70  11:24  Marine  
  70  11:41  Marine x5  
  75  11:49  Cyclone  
  75  11:53  Cyclone  
  81  11:57  Command Center  
  81  11:59  Marine x2  
  83  12:10  Concussive Shells  
  83  12:12  Marine  
  83  12:13  Marine x2  
  86  12:16  Marine  
  86  12:17  Marine  
  88  12:30  Marine x2  
  61  13:04  Marine x3  
  61  13:05  Marine x2  
  44  13:16  Planetary Fortress  
  44  13:22  Marine x4  
  44  13:23  Marine  
  44  13:24  Siege Tank  
  52  13:40  Marine x5  
Tags
 
Add a new tag
Caveats
  • Supply blocks, unpowered buildings, or Contaminate may cause inaccurate times.
  • Supply counts are checked every 10 seconds.